Map: Apotheosis LE

Players

TheoRy - Winner!

  • Race: Protoss Protoss
  • League: Master

Zeal

  • Race: Protoss Protoss
  • League: Grandmaster

Event: Clash of the Clanless

VOD

Have the link to the VOD?

Description

Time

  • Played on: Aug. 20, 2016, 3:39 p.m.
  • Length: 5:13

All games in this series

Show
View Real Time Build Order
Export as new Build Order

TheoRy Protoss - Winner!

Build Orders: Dark Templar Rush 

Get SALT Encoding   

  12  0:01  Probe (Chrono Boost)  
  13  0:11  Probe (Chrono Boost)  
  14  0:19  Pylon  
  14  0:22  Probe (Chrono Boost)  
  15  0:37  Probe (Chrono Boost)  
  15  0:39  Gateway  
  15  0:42  Assimilator  
  16  0:48  Probe (Chrono Boost)  
  17  0:58  Probe (Chrono Boost)  
  17  1:00  Assimilator  
  18  1:09  Probe (Chrono Boost)  
  19  1:12  Gateway  
  19  1:20  Probe (Chrono Boost)  
  20  1:26  Cybernetics Core  
  20  1:29  Pylon  
  20  1:31  Probe (Chrono Boost)  
  21  1:42  Probe (Chrono Boost)  
  22  1:52  Probe (Chrono Boost)  
  23  2:02  Warp Gate  
  23  2:04  Adept x2  
  27  2:11  Stargate  
  27  2:18  Pylon  
  27  2:19  Probe (Chrono Boost)  
  28  2:36  Twilight Council  
  28  2:41  Mothership Core (Chrono Boost)  
  28  2:42  Stalker  
  32  2:45  Stalker  
  33  2:59  Probe (Chrono Boost)  
  33  3:05  Pylon  
  34  3:11  Probe (Chrono Boost)  
  35  3:16  Dark Shrine  
  35  3:22  Probe (Chrono Boost)  
  36  3:32  Probe (Chrono Boost)  
  37  3:41  Pylon  
  37  3:43  Probe (Chrono Boost)  
  37  3:46  Pylon  
  38  3:53  Probe (Chrono Boost)  
  39  3:57  Nexus  
  38  4:04  Probe (Chrono Boost)  
  38  4:15  Probe (Chrono Boost)  
  38  4:16  Gateway  
  39  4:25  Probe (Chrono Boost)  
  39  4:29  Dark Templar  
  39  4:30  Dark Templar  
  44  4:36  Probe (Chrono Boost), Pylon  
  45  4:47  Probe (Chrono Boost)  
  45  4:50  Robotics Facility  
  45  4:57  Probe (Chrono Boost)  
Show
View Real Time Build Order
Export as new Build Order

Zeal Protoss 

Build Orders: Phoenix Opening 

Get SALT Encoding   

  12  0:01  Probe (Chrono Boost)  
  13  0:11  Probe (Chrono Boost)  
  14  0:20  Pylon  
  14  0:22  Probe (Chrono Boost)  
  15  0:38  Probe (Chrono Boost), Gateway  
  15  0:42  Assimilator  
  16  0:48  Probe (Chrono Boost)  
  17  0:51  Assimilator  
  17  0:59  Probe (Chrono Boost)  
  18  1:05  Gateway  
  18  1:09  Probe (Chrono Boost)  
  19  1:20  Probe (Chrono Boost)  
  19  1:25  Cybernetics Core  
  20  1:30  Probe (Chrono Boost)  
  21  1:36  Pylon  
  21  1:41  Probe (Chrono Boost)  
  22  1:52  Probe (Chrono Boost)  
  23  2:00  Warp Gate  
  23  2:02  Adept x2  
  23  2:04  Mothership Core (Chrono Boost)  
  29  2:13  Pylon  
  29  2:28  Stargate  
  28  2:54  Gateway  
  28  3:01  Probe (Chrono Boost)  
  29  3:09  Nexus  
  29  3:12  Phoenix  
  32  3:27  Probe (Chrono Boost)  
  32  3:33  Phoenix  
  32  3:39  Probe (Chrono Boost)  
  35  3:48  Pylon  
  35  3:59  Probe (Chrono Boost)  
  36  4:04  Phoenix  
  38  4:12  Probe (Chrono Boost)  
  38  4:14  Stargate  
  39  4:25  Probe (Chrono Boost)  
  39  4:26  Phoenix  
  39  4:27  Probe (Chrono Boost)  
  39  4:29  Stalker  
  45  4:37  Assimilator  
  45  4:41  Probe (Chrono Boost)  
  46  4:48  Probe (Chrono Boost), Phoenix  
  50  4:54  Probe (Chrono Boost)  
  50  4:56  Adept  
  53  5:00  Probe (Chrono Boost)  
Tags
 
Add a new tag
Caveats
  • Supply blocks, unpowered buildings, or Contaminate may cause inaccurate times.
  • Supply counts are checked every 10 seconds.